 Dungeon Crawl Stone Soup version 0.29-a0-721-g7f417c9bbb (webtiles) character file.

Game seed: 15920927906076793874

2 inmateoo the Sneak (level 1, -2/18 HPs)
             Began as a Demigod Delver on June 27, 2022.
             Slain by an orc
             ... wielding a +0 flail
              (4 damage)
             ... on level 5 of the Dungeon.
             The game lasted 00:00:43 (197 turns).

inmateoo the Sneak (Demigod Delver)                  Turns: 197, Time: 00:00:44

Health: -2/18      AC:  3    Str: 13    XL:     1   Next: 20%
Magic:  3/3        EV: 12    Int: 12    God:
Gold:   7          SH:  0    Dex: 15    Spells: 0/0 levels left

rFire   . . .      SeeInvis .   a - +0 hand axe
rCold   . . .      Faith    .   (no shield)
rNeg    . . .      Spirit   .   b - +0 leather armour
rPois   .          Reflect  .   (no helmet)
rElec   .          Harm     .   (no cloak)
rCorr   .          Rampage  .   (no gloves)
Will    .....                   (no boots)
Stlth   +++.......              (no amulet)
HPRegen 0.06/turn               (no ring)
MPRegen 0.08/turn               (no ring)

@: hasted, very quick
A: high MP 1, forlorn, divine attributes
a: no special abilities


You were on level 5 of the Dungeon.
You visited 1 branch of the dungeon, and saw 2 of its levels.

You collected 7 gold pieces.

Inventory:

Hand Weapons
 a - a +0 hand axe (weapon)
Armour
 b - a +0 leather armour (worn)
Wands
 g - a wand of digging (3)
Scrolls
 c - a scroll of fog
 d - a scroll of magic mapping
 e - a scroll of fear
Potions
 h - a potion of might {unknown}
 i - a potion of flight {unknown}


   Skills:
 + Level 2.7 Fighting
 - Level 1.7 Axes
 + Level 0.1 Armour
 + Level 1.8 Dodging
 + Level 4.5 Stealth


You couldn't memorise any spells.
You didn't know any spells.
Your spell library was empty.

Dungeon Overview and Level Annotations

Branches:
Dungeon (5/15)
 Temple: D:4-7


Innate Abilities, Weirdness & Mutations

You have an increased reservoir of magic. (+10% MP)
You shall have no god before yourself.
Your divine heritage dramatically boosts your attributes as you level up.


Message History

The orc is moderately wounded.
The orc barely misses you. The orc hits you with a +0 mace.
You hit the orc but do no damage.
The orc is moderately wounded.
The orc misses you.
You barely miss the orc.
The orc is moderately wounded.
The orc hits you but does no damage.
You hit the orc.
You kill the orc!
Things that are here:
a +0 mace; a +0 scale mail
There is a stone staircase leading up here.
You start resting.
HP restored.
You climb upwards.
The hobgoblin shouts!
The worm bites you!
There is a stone staircase leading down here.
The worm bites you!
Ouch! That really hurt!
* * * LOW HITPOINT WARNING * * *
You climb downwards.
There is a stone staircase leading up here.
An orc comes into view. It is wielding a +0 short sword.
The orc shouts!
You hear a shout! x3 2 orcs and an orc wizard come into view.
An orc comes into view. It is wielding a +0 flail.
An orc comes into view. It is wielding a +0 whip.
The orc shouts! x2; You hear a shout!
The orc wizard shouts!
You hear a shout!
The orc wizard mumbles some strange words.
The orc wizard flickers and vanishes!
Deactivating autopickup; reactivate with Ctrl-A.
The orc barely misses you. The orc attacks as you move away!
The orc misses you. The orc attacks as you move away!
The orc closely misses you. The orc attacks as you move away!
The orc barely misses you.
You feel yourself speed up. The orc hits you with a +0 flail.
You die...

.ooo........# #.#.###.#.
####.#.#.### #.#.......
####.#.#.########.#.######
.......o.[<................
......#...w..........).....
#..........................
#####.#.##.#######.........
#.#.##o# #...###... .
#.##@# #...# #... .
#..............# #... ..
####.######....# #... #.#
#....###... +.. ...........
#.. ......#..... ##.
....#..#..... .# #.....
#.....


You could see a worm and an orc.

Vanquished Creatures
  An orc (D:5)
1 creature vanquished.

Notes
Turn   | Place    | Note
-------+----------+-------------------------------------------
     0 | D:5      | inmateoo the Demigod Delver began the quest for the Orb.
     0 | D:5      | Reached XP level 1. HP: 18/18 MP: 3/3
     2 | D:4      | Noticed an orc wizard
    32 | D:5      | Noticed a jelly
   187 | D:5      | Noticed an orc wizard
   197 | D:5      | Slain by an orc

Illustrated notes

Levels and vault maps discovered:
D:4:      layout_basic, mainiacjoe_overflow_large_starburst, serial_bayou,
          serial_bayou_pond_b, serial_bayou_shore_b, serial_bayou_crossing,
          serial_bayou_pond_d, serial_bayou_lagoon_a,
          hangedman_abyss_or_decor_stabs
D:5:      minmay_opposing_rooms, layout_basic,
          chequers_temple_overflow_minitemple, minmay_misc_feat_encased

Action                   || total
-------------------------++-------
Melee: Hand axe          ||     4
  Use: Potion            ||     1
Armor: Leather armour    ||     1
Dodge: Dodged            ||     6

Table legend: (Time is in decaauts)
 A = Elapsed time spent in this place.
 B = Non-inter-level travel time spent in this place.
 C = Inter-level travel time spent in this place.
 D = Time resting spent in this place.
 E = Time spent auto-exploring this place.
 F = Levels seen in this place.
 G = Mean time per level.
                   A        B        C        D        E       F      G
               +--------+--------+--------+--------+--------+-----+--------+
         Total |    199 |    199 |      0 |    108 |      0 |   2 |   99.5 |
       Dungeon |    199 |    199 |      0 |    108 |      0 |   2 |   99.5 |
               +--------+--------+--------+--------+--------+-----+--------+

Top non-repeatable levels by time:
     D:5: 188 daAuts
     D:4: 11 daAuts
